 Dungeon Sprint DCSS version 0.20.1-1-g8b1a95d (webtiles) character file.

652 sanboga the Spear-Bearer (level 7, -1/66 HPs)
             Began as a Merfolk Berserker on Dec 27, 2017.
             Was a High Priest of Trog.
             Slain by a human (11 damage)
             ... in the Dungeon (Sprint III: "The Ten Rune Challenge").
             The game lasted 00:02:25 (669 turns).

sanboga the Spear-Bearer (Merfolk Berserker)         Turns: 669, Time: 00:02:26

Health: -1/66      AC:  2    Str: 20    XL:     7   Next: 54%
Magic:  7/7        EV: 16    Int:  6    God:    Trog [*****.]
Gold:   45         SH:  0    Dex: 13    Spells: 6/6 levels left

rFire    . . .     SeeInvis .   b - +2 long sword (holy)
rCold    . . .     Gourm    .   (no shield)
rNeg     . . .     Faith    .   l - +0 robe
rPois    .         Spirit   .   (no helmet)
rElec    .         Reflect  .   (no cloak)
rCorr    .         Harm     .   (no gloves)
MR       .....     NoTele   +   (no boots)
Stlth    +++.......             (no amulet)
Regen    0.3/turn               (no ring)
MPRegen  0.1/turn               (no ring)

@: lethally poisoned (-1 -> -4), berserk cooldown, slowed, very slow
A: change form in water, swift swim, stealthy swim
a: Berserk, Trog's Hand, Brothers in Arms, Burn Spellbooks, Renounce Religion


You were in the Dungeon.
You worshipped Trog.
Trog was extremely pleased with you.
You were hungry.

You visited 1 branch You collected 45 gold pieces.

Inventory:

Hand Weapons
 b - a +2 long sword of holy wrath (weapon)
Armour
 l - a +0 robe (worn)
Scrolls
 i - a scroll of blinking
 k - 2 scrolls of holy word
 m - a scroll of recharging
Potions
 d - 2 potions of curing
 e - a potion of heal wounds
 f - a potion of haste
 g - 2 potions of magic
 h - a potion of berserk rage
 j - a potion of might
 o - 4 potions of flight
Comestibles
 c - a bread ration
 n - 6 fruits


   Skills:
 + Level 10.3 Fighting
 + Level 1.8 Long Blades
   Level 13.5 Polearms
 + Level 3.3 Armour
 + Level 8.0 Dodging
 + Level 6.4 Stealth


You had 6 spell levels left.
You didn't know any spells.

Dungeon Overview and Level Annotations

Branches:
Dungeon (1/1)

Altars:
Elyvilon
Kikubaaqudgha
Okawaru
Sif Muna
Trog
Uskayaw
Vehumet
Zin
The Shining One
Beogh


Message History

You slice the human!!
The human is almost dead.
You feel sick. The human misses you.
You barely miss the human.
The human is almost dead.
You are no longer berserk.
You are exhausted.
You feel yourself slow down. The human hits you.
You hit the human but do no damage.
The human is almost dead.
You feel sick. The human misses you.
You riposte.
You hit the human but do no damage.
The human is almost dead.
The human completely misses you.
You barely miss the human.
The human is almost dead.
You feel sick. The human hits you!
* * * LOW HITPOINT WARNING * * *
The human hits you!
You die...

▓▓ ▓▓▓ .####
##.#########
....#####..#___#___#
..†..#!!#..#.).#)p.#
##...#..#..###'#@###+##
###..##'#..#..........#
.##..###...'.⌠........#
##..####...#...######+#
##†.###....#.⌠.#
#...##.....#...#
....#.÷....#[###
..##.#.....#...#
..#####....#___#


You could see a human.

Vanquished Creatures
  A deep elf mage (D)
  A water elemental (D)
  A wizard (D)
  2 humans (D)
  A kobold demonologist (D)
  2 oozes (D)
  A phantom (D)
  2 rats (D)
11 creatures vanquished.

Vanquished Creatures (others)
  2 draconian scorchers (D)
  6 hellions (D)
  3 yaktaurs (D)
  A plant (D)
12 creatures vanquished.

Grand Total: 23 creatures vanquished

Notes
Turn   | Place    | Note
-------+----------+-------------------------------------------
     0 | D        | sanboga the Merfolk Berserker began the quest for the Orb.
     0 | D        | Reached XP level 1. HP: 18/18 MP: 1/1
    12 | D        | Reached skill level 5 in Polearms
    17 | D        | Reached XP level 2. HP: 19/25 MP: 2/2
    73 | D        | Killed a yaktaur
    98 | D        | Reached ** piety under Trog
   117 | D        | Killed a white draconian scorcher
   119 | D        | Killed a hellion
   120 | D        | Killed a hellion
   129 | D        | Killed a hellion
   131 | D        | Killed a hellion
   135 | D        | Reached skill level 5 in Fighting
   135 | D        | Reached skill level 7 in Polearms
   135 | D        | Reached skill level 1 in Stealth
   135 | D        | Reached XP level 3. HP: 17/33 MP: 3/3
   149 | D        | Killed a hellion
   172 | D        | Killed a hellion
   250 | D        | Killed a white draconian scorcher
   337 | D        | Noticed a water elemental
   345 | D        | Killed a water elemental
   345 | D        | Reached *** piety under Trog
   345 | D        | Reached skill level 9 in Polearms
   345 | D        | Reached XP level 4. HP: 6/40 MP: 4/4
   475 | D        | Killed a yaktaur
   559 | D        | Found a radiant altar of Vehumet.
   559 | D        | Found a deep blue altar of Sif Muna.
   559 | D        | Found an ancient bone altar of Kikubaaqudgha.
   559 | D        | Noticed a wizard
   562 | D        | Killed a wizard
   562 | D        | Reached **** piety under Trog
   562 | D        | Reached XP level 5. HP: 41/47 MP: 5/5
   571 | D        | Reached skill level 5 in Dodging
   596 | D        | Found a glowing silver altar of Zin.
   596 | D        | Found a glowing golden altar of the Shining One.
   596 | D        | Found a white marble altar of Elyvilon.
   597 | D        | Noticed a deep elf mage
   605 | D        | Killed a deep elf mage
   605 | D        | Reached ***** piety under Trog
   605 | D        | Reached skill level 13 in Polearms
   605 | D        | Reached skill level 5 in Stealth
   605 | D        | Reached XP level 6. HP: 59/59 MP: 6/6
   605 | D        | Reached XP level 7. HP: 64/64 MP: 7/7
   629 | D        | Killed a yaktaur
   653 | D        | Found a roughly hewn altar of Beogh.
   653 | D        | Found an iron altar of Okawaru.
   653 | D        | Found a bloodstained altar of Trog.
   653 | D        | Found a hide-covered altar of Uskayaw.
   653 | D        | Noticed a human
   655 | D        | Noticed a human
   663 | D        | Killed a human
   663 | D        | Reached skill level 10 in Fighting
   663 | D        | Reached skill level 1 in Long Blades
   669 | D        | Slain by a human

Skill      XL: |  1  2  3  4  5  6  7 |
---------------+----------------------+-----
Fighting       | 4 5 6 9 10 | 10.3
Polearms       | 5 7 9 13 | 13.5
Dodging        | 3 4 7 8 |  8.0
Stealth        | 1 2 3 5 6 |  6.4
Armour         | 2 3 |  3.3
Long Blades    | 1 |  1.8

Action                   |  1- 3 |  4- 6 |  7- 9 || total
-------------------------+-------+-------+-------++-------
Melee: Spear             |    34 |    16 |       ||    50
       Long sword        |       |       |    14 ||    14
Invok: Berserk           |     1 |     1 |     1 ||     3
       Burn Spellbooks   |       |     1 |       ||     1
  Use: Scroll            |     4 |       |       ||     4
 Stab: Sleeping          |     3 |       |       ||     3
  Eat: Chunk             |       |       |     1 ||     1
Armor: Animal skin       |     1 |       |       ||     1
Dodge: Dodged            |     9 |     6 |    11 ||    26
       Rpst.: Long sword |       |       |     4 ||     4
